 Dungeon Crawl Stone Soup version 0.30-a0-557-ge2afbf3030 (webtiles) character file.

Game seed: 15657628534339112192

544 IdlyInterested the Sneak (level 7, -2/78 HPs)
             Began as a Demonspawn Gladiator on Dec 27, 2022.
             Succumbed to a gnoll bouda's poison
             ... on level 4 of the Dungeon.
             The game lasted 00:13:47 (3674 turns).

IdlyInterested the Sneak (Demonspawn Gladiator)     Turns: 3674, Time: 00:13:48

Health: -2/78      AC: 23    Str: 11    XL:     7   Next: 6%
Magic:  7/7        EV:  2    Int: 14    God:
Gold:   158        SH:  4    Dex: 16    Spells: 6/6 levels left

rFire   + + +      SeeInvis .    r - +2 short sword (speed)
rCold   + + .      Faith    .    (no shield)
rNeg    + . .      Spirit   .    (body armour currently unavailable)
rPois   +          Reflect  .    (helmet currently unavailable)
rElec   +          Harm     .    (cloak currently unavailable)
rCorr   +          Rampage  .    (gloves currently unavailable)
Will    +....      NoTele   +    (boots currently unavailable)
Stlth   +++                      (no amulet)
HPRegen 0.33/turn                t - ring of Serhy {rF+++ rC+ rN+ Str-3}
MPRegen 0.10/turn                x - ring of willpower

@: lethally poisoned (-2 -> -14), tree-form, resistant
A: stationary, stasis, torment immunity, boosted hp, (antennae 1), big brain 2,
condensation shield
a: no special abilities


You were on level 4 of the Dungeon.
You were a tree.
You visited 2 branches of the dungeon, and saw 5 of its levels.
You also visited: Sewer.

You collected 158 gold pieces.

Inventory:

Hand Weapons
 a - a +0 rapier
 r - a +2 short sword of speed (weapon)
Missiles
 d - a throwing net
 e - a javelin
 g - 28 stones (quivered)
 h - 19 poisoned darts
Armour
 k - a +0 ring mail (melded)
Jewellery
 s - a ring of positive energy
 t - the ring of Serhy (left branch) {rF+++ rC+ rN+ Str-3}
   (You found it on level 3 of the Dungeon)

   [ring of protection from cold]

   Str:       It affects your strength (-3).
   rF:        It renders you almost immune to fire.
   rC:        It protects you from cold.
   rN:        It protects you from negative energy.
 u - an amulet of faith
 x - a ring of willpower (right branch)
Wands
 w - a wand of flame (3)
Scrolls
 q - a scroll of fear
 v - a scroll of poison {unknown}
Potions
 b - a potion of brilliance
 c - a potion of might {unknown}
 f - a potion of cancellation {unknown}
 i - a potion of ambrosia {unknown}
 j - a potion of lignification
 l - a potion of degeneration {unknown}
 m - a potion of resistance
 n - 3 potions of mutation {unknown}
 o - 2 potions of haste {unknown}
 p - a potion of magic {unknown}


   Skills:
 - Level 3.0 Fighting
 - Level 4.0 Short Blades
 - Level 2.0 Throwing
 * Level 2.2 Armour
 - Level 3.0 Dodging
 * Level 4.7 Stealth
 - Level 2.0 Evocations


You had 6 spell levels left.
You didn't know any spells.
Your spell library contained the following spells:

 Spells                   Type           Power      Damage    Failure   Level
 Shock                    Conj/Air       0%         1d3       28%         1
 Gell's Gravitas          Tloc           0%         N/A       65%         3
 Swiftness                Air            0%         N/A       65%         3
 Teleport Other           Tloc           0%         N/A       65%         3
 Airstrike                Air            0%         2d(0-16)  96%         4
 Dispersal                Tloc           0%         N/A       100%        6


Dungeon Overview and Level Annotations

Branches:
Dungeon (4/15)             Temple (1/1) D:4           Sewer (visited)

Altars:
Cheibriados
Dithmenos
Gozag
Kikubaaqudgha
Makhleb
Nemelex Xobeh
Qazlal
Ru
Sif Muna
Uskayaw
Vehumet
Wu Jian
Yredelemnul


Innate Abilities, Weirdness & Mutations

You are a tree.
Your roots penetrate the ground, keeping you stationary.
You cannot be teleported.
You are immune to unholy pain and torment.
Your maximum health is greatly increased.
Your equipment is partially melded.
((You have a pair of small antennae on your head.))
You have an extremely huge brain. (Int +4)
A meltable shield of frost defends you. (SH +4)


Message History

You hit the gnoll.
The gnoll is moderately wounded.
The gnoll closely misses you.
The gnoll bouda hits you with a +2 whip of venom!
You are poisoned.
Okay, then.
Throw: 3 throwing nets
Press: ? - help, Shift-Dir - straight line, f - gnoll bouda
Aim: a gnoll bouda, wielding a +2 whip of venom and wearing a +0 leather armour (65% to hit)
You throw a throwing net.
The throwing net completely misses the gnoll bouda.
You feel very sick. You block the gnoll's attack. The gnoll barely misses you.
The gnoll bouda hits you with a +2 whip of venom.
You are lethally poisoned!
Throw: 2 throwing nets
Press: ? - help, Shift-Dir - straight line, f/p - gnoll bouda
Aim: a gnoll bouda, wielding a +2 whip of venom and wearing a +0 leather armour (65% to hit)
You throw a throwing net. The throwing net hits the gnoll bouda.
The gnoll bouda is caught in the net!
You feel very sick. The gnoll barely misses you.
The gnoll hits you with a +0 flail!
* * * LOW HITPOINT WARNING * * *
The gnoll bouda struggles against the net.
You hit the gnoll bouda but do no damage.
* * * LOW HITPOINT WARNING * * *
You feel very sick. The gnoll barely misses you.
It was a potion of lignification.
You turn into a tree.
Your +0 ring mail melds into your body.
Your roots penetrate the ground.
* * * LOW HITPOINT WARNING * * *
You feel very sick. The gnoll hits you but does no damage.
The gnoll bouda calls upon its god to heal the gnoll.
The gnoll's wounds heal themselves!
The gnoll bouda struggles against the net.
The gnoll hits you but does no damage.
It was a potion of resistance.
You feel protected.
You die...

8...8.######...+)...........
..#...# +...#.>..........
.###..# #...#............
..# ..# #...#............
8... .#######+##............
..... .......(.#####........
...... ........#...#........
...... .......ggg..'........
.. .......{#♣..#........
........#...#........
........#####........
###..................
#..................
#..................
#..................
#.......(........=.
#..................


You could see a gnoll bouda (caught) and 2 gnolls.

Vanquished Creatures
  3 kobold brigands (Sewer)
  A scorpion (D:3)
  A hound (D:4)
  2 orc wizards (D:3)
  11 adders
  A gnoll (D:1)
  A worm (D:2)
  3 dart slugs
  12 orcs (D:3)
  7 ball pythons
  5 bats (D:1)
  4 endoplasms
  4 giant cockroaches (D:3)
  3 goblins
  5 hobgoblins
  A jackal (Sewer)
  3 quokkas
  6 frilled lizards
  9 kobolds
  10 rats
92 creatures vanquished.

Vanquished Creatures (others)
  38 plants (Sewer)
38 creatures vanquished.

Grand Total: 130 creatures vanquished

Notes
Turn   | Place    | Note
-------+----------+-------------------------------------------
     0 | D:1      | IdlyInterested the Demonspawn Gladiator began the quest for
                  | the Orb.
     0 | D:1      | Reached XP level 1. HP: 16/16 MP: 1/1
   198 | D:1      | Reached skill level 1 in Armour
   198 | D:1      | Reached skill level 1 in Stealth
   198 | D:1      | Gained mutation: A meltable shield of frost defends you.
                  | (SH +4) [demonic ancestry]
   198 | D:1      | Reached XP level 2. HP: 2/22 MP: 2/2
  1058 | D:2      | Reached skill level 1 in Evocations
  1166 | D:2      | Gained mutation: You have a pair of small antennae on your
                  | head. [demonic ancestry]
  1166 | D:2      | Reached XP level 3. HP: 27/27 MP: 3/3
  1191 | D:2      | Found a faded altar of an unknown god.
  1552 | D:3      | Gained mutation: You have an unusually large brain. (Int
                  | +2) [demonic ancestry]
  1552 | D:3      | Reached XP level 4. HP: 26/33 MP: 4/4
  1575 | D:3      | Found a glowing drain.
  1685 | Sewer    | Entered a sewer
  1921 | Sewer    | Gained mutation: You have an extremely huge brain. (Int +4)
                  | [demonic ancestry]
  1921 | Sewer    | Reached XP level 5. HP: 32/38 MP: 5/5
  2147 | Sewer    | Reached XP level 6. HP: 33/44 MP: 6/6
  3015 | D:3      | Found a faded altar of an unknown god.
  3017 | D:3      | Found a snail-covered altar of Cheibriados.
  3066 | D:3      | Identified the ring of Serhy {rF+++ rC+ rN+ Str-3}
  3191 | D:3      | Reached XP level 7. HP: 52/52 MP: 7/7
  3558 | D:4      | Found a staircase to the Ecumenical Temple.
  3572 | Temple   | Entered the Ecumenical Temple
  3673 | D:4      | HP: 1/78 [poisoned by a gnoll bouda]
  3674 | D:4      | Succumbed to a gnoll bouda's poison

Illustrated notes

Levels and vault maps discovered:
D:1:      minmay_arrival_diagonal_passages, layout_loops_corners,
          grunt_decor_mini_mirrors
D:2:      layout_rooms, basic_ecumenical_altar
D:3:      layout_rooms, nicolae_overflow_ecumenical_swirl, gup_sewer_entry_glass
D:4:      layout_gridville, minmay_temple_entry_offerings, wad_floor_pattern_1,
          amcnicky_mini_corridor_feature, minmay_misc_feat_four_crosses,
          uniq_eustachio
Temple:   eino_temple_lava

Skill      XL: |  1  2  3  4  5  6 |
---------------+-------------------+-----
Armour         | 1 2 |  2.2
Stealth        | 1 2 3 4 |  4.7
Evocations     | 1 2 |  2.0
Throwing       | 2 |  2.0
Short Blades   | 3 4 |  4.0
Dodging        | 3 |  3.0
Fighting       | 3 |  3.0

Action                   |  1- 3 |  4- 6 |  7- 9 || total
-------------------------+-------+-------+-------++-------
Melee: Rapier            |   114 |   361 |       ||   475
       Punch             |     1 |     2 |       ||     3
       Short sword       |       |    53 |    20 ||    73
Throw: Stone             |     9 |     6 |     1 ||    16
       Throwing net      |     1 |       |     2 ||     3
  Use: Scroll            |     2 |     1 |     1 ||     4
       Potion            |       |     2 |     2 ||     4
 Stab: Held in net/web   |     1 |       |       ||     1
       Sleeping          |     4 |     2 |     1 ||     7
Armor: Leather armour    |    13 |       |       ||    13
       Ring mail         |    22 |    71 |     4 ||    97
       Skin              |       |       |     2 ||     2
Dodge: Dodged            |    62 |   121 |    13 ||   196
Block: Other             |     6 |    47 |     4 ||    57

Table legend: (Time is in decaauts)
 A = Elapsed time spent in this place.
 B = Non-inter-level travel time spent in this place.
 C = Inter-level travel time spent in this place.
 D = Time resting spent in this place.
 E = Time spent auto-exploring this place.
 F = Levels seen in this place.
 G = Mean time per level.
                   A        B        C        D        E       F      G
               +--------+--------+--------+--------+--------+-----+--------+
         Total |   3786 |   3486 |    300 |    491 |   1319 |   6 |  631.0 |
       Dungeon |   2692 |   2392 |    300 |    299 |   1242 |   4 |  673.0 |
        Temple |     64 |     64 |      0 |      0 |     47 |   1 |   64.0 |
         Sewer |   1029 |   1029 |      0 |    192 |     30 |   1 | 1029.0 |
               +--------+--------+--------+--------+--------+-----+--------+

Top non-repeatable levels by time:
     D:1: 1167 daAuts
   Sewer: 1029 daAuts
     D:3: 889 daAuts
     D:2: 455 daAuts
     D:4: 180 daAuts
  Temple: 64 daAuts
